 Dungeon Crawl Stone Soup version 0.25-a0-713-g4845790 (webtiles) character file.

Game seed: 3953934719632176463, levelgen mode: deterministic

665116 Trolling the Slayer (level 27, -3/297 HPs)
             Began as a Troll Fighter on Apr 5, 2020.
             Was the Champion of Okawaru.
             Killed from afar by an orb of fire (19 damage)
             ... with a bolt of fire
             ... on level 5 of the Realm of Zot.
             The game lasted 03:38:41 (63299 turns).

Trolling the Slayer (Troll Fighter)                Turns: 63299, Time: 03:38:42

Health: -3/297     AC: 36    Str: 41 (42) XL:     27
Magic:  32/32      EV: 14    Int:  3 (6)  God:    Okawaru [******]
Gold:   7349       SH: 23    Dex:  8 (9)  Spells: 26/26 levels left

rFire    + + .     SeeInvis .   a - +18 lance "Wyrmbane" {slay drac, rPois rF+ rC+ AC+3}
rCold    + + +     Gourm    +   Y - +0 tower shield {reflect}
rNeg     . . .     Faith    .   T - +8 gold dragon scales
rPois    +         Spirit   .   S - +0 hat of the Nexus {rElec MR++ Int+4 Stlth+}
rElec    +         Reflect  +   N - +0 cloak of Usups {MR+ Int-5 Slay+6}
rCorr    .         Harm     .   (gloves unavailable)
MR       +++++                  (boots unavailable)
Stlth    ..........             B - amulet of rage
HPRegen  0.99/turn              i - ring "Cuuj" {MR+ EV+3 Str+4}
MPRegen  0.23/turn              W - +3 ring of slaying

@: about to teleport, marked, slowed, very slow
A: large, unfitting armour, claws 3, blink, cold resistance 1, deterioration 1,
fast metabolism 3, gourmand, regeneration 1, shaggy fur 1, tough skin 3, subdued
magic 1, MP-powered wands
}: 4/15 runes: decaying, serpentine, slimy, silver
a: Blink, Heroism, Finesse, Renounce Religion, Evoke Berserk Rage


You were on level 5 of the Realm of Zot.
You worshipped Okawaru.
Okawaru was exalted by your worship.
You were full.

You visited 11 branches of the dungeon, and saw 55 of its levels.
You also visited: Ossuary, Bailey, Gauntlet, Ice Cave and Wizlab.

You collected 8436 gold pieces.
You spent 1087 gold pieces at shops.

Inventory:

Hand Weapons
 a - the +18 lance "Wyrmbane" (weapon) {slay drac, rPois rF+ rC+ AC+3}
   (You found it on level 8 of the Dungeon)

   It affects your AC (+3).
   It protects you from fire.
   It protects you from cold.
   It protects you from poison.
 b - the +11 fustibalus of Wioc {vorpal, Int+6 Dex+4 Stlth+}
   (You found it on level 5 of the Pits of Slime)

   Any stone fired from it inflicts extra damage.
   It affects your intelligence (+6).
   It affects your dexterity (+4).
   It makes you more stealthy.
 M - the +8 trident of the Octopus King {venom, rElec rPois MR+}
   (You found it on level 1 of the Lair of Beasts)

   It poisons the flesh of those it strikes.
   It insulates you from electricity.
   It protects you from poison.
   It affects your resistance to hostile enchantments.
Missiles
 j - 11 javelins
 k - 136 large rocks (quivered)
 t - 355 sling bullets
 v - 14 poisoned darts
 y - 5 throwing nets
 I - 21 curare-tipped darts
 Q - 37 silver javelins
Armour
 G - a scarf of resistance
 N - the +0 cloak of Usups (worn) {MR+ Int-5 Slay+6}
   (You found it in a wizard's laboratory)

   It affects your intelligence (-5).
   It affects your accuracy and damage with ranged weapons and melee attacks
   (+6).
   It affects your resistance to hostile enchantments.
 P - the +1 cloak of Starlight {rElec rC+ EV+4 Stlth--}
   (You found it in a wizard's laboratory)

   It affects your evasion (+4).
   It protects you from cold.
   It insulates you from electricity.
   It makes you much less stealthy.
 S - the +0 hat of the Nexus (worn) {rElec MR++ Int+4 Stlth+}
   (Okawaru gifted it to you on level 5 of the Vaults)

   It affects your intelligence (+4).
   It insulates you from electricity.
   It affects your resistance to hostile enchantments.
   It makes you more stealthy.
 T - +8 gold dragon scales (worn)
 X - a scarf of cloud immunity
 Y - a +0 tower shield of reflection (worn)
Jewellery
 h - the ring of Beauty {rPois rC+ MP+9}
   (You found it on level 5 of the Vaults)

   [ring of magical power]

   It protects you from cold.
   It protects you from poison.
   It affects your magic capacity (+9).
 i - the ring "Cuuj" (left claw) {MR+ EV+3 Str+4}
   (You took it off a deep elf high priest on level 5 of the Vaults)

   [ring of evasion]

   It affects your evasion (+3).
   It affects your strength (+4).
   It affects your resistance to hostile enchantments.
 A - the ring of Besatryw {+Blink rElec rN++ Int-5 Stlth-}
   (You found it on level 4 of the Depths)

   [ring of attention]

   It affects your intelligence (-5).
   It insulates you from electricity.
   It greatly protects you from negative energy.
   It lets you blink.
   It makes you less stealthy.
 B - an amulet of rage (around neck)
 F - the ring "Eroeniw" {rC- rN++ MR+ SInv}
   (You found it on level 5 of the Pits of Slime)

   [ring of protection from magic]

   It makes you vulnerable to cold.
   It greatly protects you from negative energy.
   It affects your resistance to hostile enchantments.
   It lets you see invisible.
 J - an uncursed ring of protection from cold
 L - the ring "Sedomp" {+Inv rN+++ MR+ AC+3}
   (You found it on level 5 of the Vaults)

   [ring of protection]

   It affects your AC (+3).
   It renders you almost immune to negative energy.
   It affects your resistance to hostile enchantments.
   It lets you turn invisible.
 U - the ring "Vuciafe" {*Contam +Fly Int+4 Stlth-}
   (You took it off a minotaur in a Gauntlet)

   [ring of attention]

   It affects your intelligence (+4).
   It lets you fly.
   It causes magical contamination when unequipped.
   It makes you less stealthy.
 W - a +3 ring of slaying (right claw)
Wands
 w - a wand of digging (24)
 z - a wand of clouds (7)
 O - a wand of acid (24)
 Z - a wand of iceblast (43)
Scrolls
 e - 24 scrolls of remove curse
 f - a scroll of enchant armour
 g - 13 scrolls of teleportation
 m - 9 scrolls of identify
 o - 8 scrolls of immolation
 s - 6 scrolls of magic mapping
 x - 8 scrolls of blinking
 D - a scroll of silence
 E - 12 scrolls of fear
 H - 10 scrolls of fog
Potions
 c - 6 potions of might
 l - a potion of heal wounds
 q - 3 potions of resistance
 r - 8 potions of ambrosia
 u - 4 potions of cancellation
 C - 8 potions of curing
 K - 5 potions of berserk rage
 R - 5 potions of haste
Miscellaneous
 n - 7 phantom mirrors
Comestibles
 d - 86 rations


   Skills:
 * Level 21.4 Fighting
 - Level 14.0 Polearms
 + Level 19.0 Throwing
 + Level 15.0 Armour
 - Level 15.4 Dodging
 - Level 15.0 Shields
 - Level 4.6 Unarmed Combat
 - Level 10.0 Invocations
 + Level 13.3 Evocations


You had 26 spell levels left.
You didn't know any spells.
Your spell library contained the following spells:

 Spells                   Type           Power        Failure   Level  Hunger
 Animate Skeleton         Necr           N/A          99%         1    ##.....
 Apportation              Tloc           #.....       99%         1    ##.....
 Beastly Appendage        Tmut           #.....       99%         1    ##.....
 Corona                   Hex            #......      99%         1    ##.....
 Foxfire                  Conj/Fire      #...         99%         1    ##.....
 Freeze                   Ice            #...         99%         1    ##.....
 Magic Dart               Conj           #...         99%         1    ##.....
 Pain                     Necr           #...         99%         1    ##.....
 Shock                    Conj/Air       #...         99%         1    ##.....
 Sting                    Tmut/Pois      #...         99%         1    ##.....
 Summon Butterflies       Summ           #.......     99%         1    ##.....
 Summon Small Mammal      Summ           #...         99%         1    ##.....
 Call Imp                 Summ           #.......     100%        2    ###....
 Corpse Rot               Necr/Air       N/A          100%        2    ###....
 Ensorcelled Hibernation  Hex/Ice        #.....       100%        2    ###....
 Poisonous Vapours        Pois/Air       #.....       100%        2    ###....
 Searing Ray              Conj           #.....       100%        2    ###....
 Shroud of Golubria       Chrm/Tloc      #.....       100%        2    ###....
 Sticks to Snakes         Tmut           #.......     100%        2    ###....
 Sublimation of Blood     Necr           #.........   100%        2    ###....
 Swiftness                Chrm/Air       #.......     100%        2    ###....
 Call Canine Familiar     Summ           #.......     100%        3    ####...
 Confusing Touch          Hex            #.......     100%        3    ####...
 Conjure Flame            Conj/Fire      #.......     100%        3    ####...
 Dazzling Flash           Conj/Hex       #.....       100%        3    ####...
 Frozen Ramparts          Ice            #.....       100%        3    ####...
 Gell's Gravitas          Tloc           #.........   100%        3    ####...
 Ignite Poison            Fire/Tmut/Pois #.......     100%        3    ####...
 Mephitic Cloud           Conj/Pois/Air  #.......     100%        3    ####...
 Ozocubu's Armour         Chrm/Ice       #.......     100%        3    ####...
 Portal Projectile        Hex/Tloc       #.....       100%        3    ####...
 Recall                   Summ/Tloc      N/A          100%        3    ####...
 Spider Form              Tmut/Pois      #.........   100%        3    ####...
 Static Discharge         Conj/Air       #.......     100%        3    ####...
 Summon Guardian Golem    Hex/Summ       #.......     100%        3    ####...
 Teleport Other           Tloc           #.......     100%        3    ####...
 Vampiric Draining        Necr           #.........   100%        3    ####...
 Airstrike                Air            #.........   100%        4    #####..
 Animate Dead             Necr           N/A          100%        4    #####..
 Cause Fear               Hex            #.........   100%        4    #####..
 Dispel Undead            Necr           #.......     100%        4    #####..
 Fulminant Prism          Conj/Hex       #.........   100%        4    #####..
 Hailstorm                Conj/Ice       #.......     100%        4    #####..
 Ice Form                 Ice/Tmut       #.......     100%        4    #####..
 Iskenderun's Mystic Bla  Conj/Tloc      #.......     100%        4    #####..
 Leda's Liquefaction      Hex/Erth       #.........   100%        4    #####..
 Olgreb's Toxic Radiance  Pois           #.......     100%        4    #####..
 Passage of Golubria      Tloc           N/A          100%        4    #####..
 Petrify                  Tmut/Erth      #.......     100%        4    #####..
 Sticky Flame             Conj/Fire      #.......     100%        4    #####..
 Summon Ice Beast         Ice/Summ       #.......     100%        4    #####..
 Summon Lightning Spire   Summ/Air       #.......     100%        4    #####..
 Agony                    Necr           #.......     100%        5    ######.
 Aura of Abjuration       Summ           #.........   100%        5    ######.
 Blade Hands              Tmut           #.........   100%        5    ######.
 Bolt of Magma            Conj/Fire/Erth #.........   100%        5    ######.
 Borgnjor's Vile Clutch   Necr/Erth      #.........   100%        5    ######.
 Excruciating Wounds      Chrm/Necr      #.........   100%        5    ######.
 Irradiate                Conj/Tmut      #.........   100%        5    ######.
 Lightning Bolt           Conj/Air       #.........   100%        5    ######.
 Metabolic Englaciation   Hex/Ice        #.........   100%        5    ######.
 Silence                  Hex/Air        #.........   100%        5    ######.
 Summon Demon             Summ           #.........   100%        5    ######.
 Summon Forest            Summ/Tloc      #.........   100%        5    ######.
 Summon Mana Viper        Hex/Summ       #.......     100%        5    ######.
 Yara's Violent Unravell  Hex/Tmut       #.........   100%        5    ######.
 Darkness                 Hex            #.........   100%        6    #######
 Deflect Missiles         Chrm/Air       #.........   100%        6    #######
 Dispersal                Tloc           #.........   100%        6    #######
 Freezing Cloud           Conj/Ice/Air   #.........   100%        6    #######
 Hydra Form               Tmut           #.........   100%        6    #######
 Iron Shot                Conj/Erth      #.........   100%        6    #######
 Ozocubu's Refrigeration  Ice            #.........   100%        6    #######
 Shadow Creatures         Summ           N/A          100%        6    #######
 Simulacrum               Ice/Necr       #.........   100%        6    #######
 Statue Form              Tmut/Erth      #........    100%        6    #######
 Dragon Form              Tmut           #.........   100%        7    #######
 Malign Gateway           Summ/Tloc      #.........   100%        7    #######
 Ring of Flames           Chrm/Fire      #.........   100%        7    #######
 Controlled Blink         Tloc           N/A          100%        8    #######
 Discord                  Hex            #.........   100%        8    #######
 Disjunction              Tloc           #.........   100%        8    #######
 Ignition                 Fire           #.........   100%        8    #######
 Shatter                  Erth           #.........   100%        9    #######
 Tornado                  Air            #.........   100%        9    #######


Dungeon Overview and Level Annotations

Branches:
Dungeon (15/15)            Temple (1/1) D:6            Lair (6/6) D:9
  Swamp (4/4) Lair:4        Snake (4/4) Lair:3        Slime (5/5) Lair:6
    Orc (2/2) D:11            Elf (3/3) Orc:2        Vaults (5/5) D:13
  Crypt (0/3) Vaults:3     Depths (5/5) D:15            Zot (5/5) Depths:5
Ossuary (visited)          Bailey (visited)           IceCv (visited)
 WizLab (visited)         Gauntlet (visited)

Altars:
Ashenzari
Cheibriados
Dithmenos
Fedhas
Gozag
Hepliaklqana
Kikubaaqudgha
Makhleb
Nemelex Xobeh
Okawaru
Qazlal
Ru
Uskayaw
Vehumet
Wu Jian
Xom
Yredelemnul
Zin
The Shining One
Jiyva

Shops:
D:6 (   D:14 ?   Orc:2 ((*:   Snake:1 }!**   Snake:2 }}=   Snake:4 %
Vaults:2 [   Vaults:4 (   Depths:2 (

Portals:
Hell: Depths:1 Depths:2 Depths:3 Depths:4 Depths:5
Abyss: Depths:4
Pandemonium: Depths:3 Depths:4 Depths:5
Ziggurat: Depths:5

Annotations:
Vaults:2 8 runed translucent doors, Ykecuik's ghost, veteran DsBe


Innate Abilities, Weirdness & Mutations

You are too large for most types of armour.
You have claws for hands.
Your metabolism is lightning-fast.
You like to eat raw meat.
Your natural rate of healing is unusually fast.
You are covered in fur. (AC +1)
You have extremely tough skin. (AC +3)
You can translocate small distances at will.
Your flesh is cold resistant. (rC+)
Your body sometimes deteriorates upon taking damage.
Your spells are a little easier to cast, but a little less powerful.
You expend magic power (3 MP) to strengthen your wands.


Message History

You feel much better.
The orb of fire glows red.
The bolt of fire hits the orb of fire.
The orb of fire completely resists.
The bolt of fire hits you! You resist.
* * * LOW HITPOINT WARNING * * *
An orb of fire comes into view.
The orb of fire emits a lurid red light.
Strange energies course through your body.
The orb of fire emits a lurid red light.
The fireball explodes!
The fireball engulfs you!! You resist.
* * * LOW HITPOINT WARNING * * *
The fireball engulfs the orb of fire.
The orb of fire completely resists.
The fireball engulfs the orb of fire.
The orb of fire completely resists.
An orb of fire comes into view.
The ancient lich gestures wildly while chanting. x2
The ancient lich flickers and vanishes!
Deactivating autopickup; reactivate with Ctrl-A.
The orb of fire glows yellow.
The bolt of fire hits you!! You resist.
You die...

### #......^# #....
#.......###.... ##
#.........#.... .#
###....##)#.... .# #.....).....#
.# #.....#.##### ## #.....#......
*********** ########.########▓
,,,,,,,,,,** #@*XXXp.........*
,,,,,,,^,,,** ##**XX.........#*
,,,,,,,,,,,,** #zXXX.........#
,,,,,,,,,,^,,* ##zd.........##
,,,,,,,,,,,,,* #X.L........#
,,,,,,,,,,,,,* ##*L*.{.....^#*
^,,,,,,,,,,,,* #...^.*.......*
,,,,,,,,,,,,,* ##...2.........**
,,,,,,,,,^,,,*##.............,,**


You could see 6 orbs of fire, a Killer Klown, 2 ancient liches, a yellow
draconian, 2 death cobs, 9 Orb Guardians and a hellion.

Vanquished Creatures
  the Royal Jelly (Slime:5)
  Mennas (Depths:3)
  Mara (Vaults:3)
  An ancient lich (Vaults:5)
  A juggernaut (Depths:5)
  2 Killer Klowns (Zot:5)
  Vashnia (Snake:4)
  13 golden dragons
  Nikola (Snake:4)
  2 electric golems (Zot:2)
  Rupert (Orc:2)
  2 liches (Vaults:5)
  10 tentacled monstrosities
  Jorgrun (D:13)
  4 Orb Guardians (Zot:5)
  6 titans (Vaults:5)
  A deep elf master archer (Elf:3)
  6 quicksilver dragons
  22 acid blobs
  2 deep elf blademasters
  10 sphinxes
  An ancient champion (Depths:4)
  A tentacled starspawn (WizLab)
  6 death cobs
  4 tengu reavers
  8 storm dragons
  A thorn hunter (Swamp:3)
  11 draconian monks
  13 azure jellies
  7 draconian knights
  9 nagarajas (Snake:4)
  5 shadow dragons
  8 fire giants
  4 deep elf sorcerers
  4 iron dragons
  2 orc warlords
  A balrug (Depths:1)
  14 vault wardens
  2 ghost moths
  12 frost giants
  Aizul (Snake:3)
  Louise (D:15)
  6 draconian stormcallers
  9 draconian scorchers
  5 draconian annihilators
  A ghoul (Vaults:3)
  A reaper (Depths:3)
  7 deep elf elementalists
  3 draconian shifters
  19 ironheart preservers
  17 very ugly things
  19 stone giants
  Nessos (Lair:5)
  4 deep elf demonologists
  A caustic shrike skeleton (Depths:1)
  2 vampire knights
  12 green draconians
  5 yellow draconians
  5 spark wasps
  8 purple draconians
  A dire elephant (Lair:6)
  A minotaur (Gauntlet)
  7 red draconians
  12 white draconians
  11 deep elf annihilators
  15 black draconians
  8 deep elf death magi
  12 ettins
  A crystal guardian (Vaults:5)
  A merfolk impaler (Depths:1)
  3 jiangshi (Depths:2)
  5 death oozes
  2 blizzard demons (IceCv)
  18 yaktaur captains
  17 fire dragons
  7 deep elf high priests
  11 hydras
  22 great orbs of eyes
  42 vault guards
  4 rakshasas
  Erolcha (D:12)
  6 ice dragons
  9 ogre magi
  13 anacondas
  4 catoblepae
  A ghost crab (Swamp:3)
  6 spriggan air magi
  A two-headed ogre (shapeshifter) (Depths:5)
  7 centaur warriors
  18 naga warriors
  29 two-headed ogres
  7 tengu warriors
  A shambling mangrove (Swamp:2)
  2 death knights
  13 deep troll shamans
  15 deep troll earth magi
  A vampire mage (Depths:2)
  6 alligators
  25 dancing weapons
  9 death yaks
  A titan zombie (Vaults:5)
  4 thrashing horrors (WizLab)
  12 naga sharpshooters
  5 shock serpents
  2 soul eaters
  2 orc high priests (Depths:4)
  3 sun demons (Depths:1)
  5 spriggan berserkers
  24 deep elf knights
  3 sixfirhies
  13 skeletal warriors
  5 iron trolls
  A fire crab (Swamp:4)
  2 deep trolls (shapeshifter)
  14 hell knights
  6 salamander mystics
  A titan skeleton (Vaults:4)
  47 deep trolls
  4 shadow wraiths
  A storm dragon skeleton (Vaults:5)
  3 unseen horrors
  An infernal demonspawn (Depths:5)
  10 swamp dragons
  2 spriggan druids
  2 death drakes (Depths:5)
  A sea snake (Snake:2)
  6 glowing orange brains
  3 shadow dragon zombies (Vaults:4)
  A death drake (shapeshifter) (Depths:2)
  3 flayed ghosts
  11 naga ritualists
  18 deep elf archers
  2 wizards (Depths:4)
  3 obsidian statues
  6 lindwurms
  9 orc knights
  A sphinx zombie (Vaults:4)
  12 necromancers
  3 phantasmal warriors
  11 mana vipers
  5 harpies (Vaults:2)
  A harpy (shapeshifter) (Vaults:3)
  21 ironbrand convokers
  2 tengu zombies (Vaults:4)
  A shadow dragon skeleton (Vaults:4)
  49 ugly things
  9 wolf spiders
  6 oklob plants
  2 tengu skeletons
  A manticore (D:15)
  64 deep elf magi
  A cyclops (shapeshifter) (Elf:2)
  A fire giant zombie (Vaults:5)
  7 cyclopes
  2 orc sorcerers
  2 stone giant zombies (Vaults:5)
  A worldbinder (WizLab)
  14 salamanders
  A moth of wrath (shapeshifter) (Vaults:5)
  An elephant (shapeshifter) (Vaults:5)
  11 elephants
  5 shining eyes
  37 black mambas
  22 moths of wrath
  A fire giant skeleton (Depths:1)
  13 vault sentinels
  An ice statue (IceCv)
  A faun (shapeshifter) (Vaults:5)
  6 guardian serpents (Snake:4)
  2 smoke demons (WizLab)
  A frost giant skeleton (Vaults:5)
  A water nymph (shapeshifter) (Depths:5)
  3 rust devils
  7 eyes of devastation
  A stone giant skeleton (Vaults:4)
  A molten gargoyle (Gauntlet)
  Psyche (D:9)
  6 gargoyles
  13 naga magi
  A storm dragon simulacrum (Vaults:4)
  6 orange demons
  15 spiny frogs
  A hellion (Depths:5)
  9 komodo dragons
  A demonspawn skeleton (WizLab)
  An efreet (WizLab)
  A kobold demonologist (D:15)
  2 torpor snails
  8 rime drakes
  A spiny frog (shapeshifter) (D:15)
  A rime drake (shapeshifter) (Vaults:1)
  A yaktaur zombie (Vaults:4)
  15 freezing wraiths
  63 yaktaurs
  3 small abominations
  2 human skeletons
  3 anaconda simulacra (IceCv)
  3 tengu conjurers
  2 ancient zymes (WizLab)
  3 hellwings
  2 red devils
  9 ice devils
  A jumping spider (shapeshifter) (Elf:2)
  A wind drake (shapeshifter) (D:15)
  11 hornets
  14 tyrant leeches
  5 polar bears
  A blink frog (shapeshifter) (Vaults:3)
  5 wind drakes (Depths:5)
  5 trolls
  A meliai (shapeshifter) (Vaults:1)
  3 hippogriffs (shapeshifter)
  130 slime creatures
  11 blink frogs
  4 dream sheep (Lair:6)
  12 hippogriffs
  A dream sheep (shapeshifter) (Depths:5)
  6 bog bodies
  An air elemental (Elf:3)
  2 spriggans (shapeshifter)
  A flying skull (Vaults:3)
  3 shadows
  15 water elementals
  4 dire elephant simulacra (IceCv)
  3 redbacks (Gauntlet)
  10 spriggans
  An ettin zombie (Vaults:4)
  2 wyverns
  6 wraiths
  5 basilisks
  2 ynoxinuls
  A chaos spawn (Depths:1)
  2 fire elementals (Elf:3)
  33 yaks
  Grum (Lair:1)
  A vampire (D:14)
  3 golden eyes (Slime:5)
  A human (shapeshifter) (Vaults:1)
  A golden eye (shapeshifter) (D:13)
  3 hungry ghosts
  A death yak simulacrum (IceCv)
  2 steam dragons (Swamp:4)
  30 vampire mosquitoes
  54 nagas
  A harpy simulacrum (IceCv)
  15 swamp worms
  A yaktaur simulacrum (Vaults:5)
  2 spatial vortices (WizLab)
  2 iron troll simulacra (IceCv)
  3 acid dragons
  6 wargs
  A water moccasin (shapeshifter) (Vaults:2)
  27 insubstantial wisps
  A floating eye (shapeshifter) (D:15)
  Duvessa (D:6)
  4 hydra simulacra (IceCv)
  15 porcupines
  3 floating eyes
  15 water moccasins
  6 ice beasts
  55 orc warriors
  6 phantoms
  17 swamp drakes
  5 sky beasts
  7 eyes of draining
  A sky beast (shapeshifter) (Vaults:2)
  4 black bears
  A black bear (shapeshifter) (Vaults:2)
  An ettin simulacrum (IceCv)
  31 ogres
  3 necrophages
  13 boggarts
  14 wolves
  20 centaurs
  A big kobold (D:12)
  3 elf zombies (Ossuary)
  14 crocodiles
  16 bullfrogs
  9 gnoll sergeants
  A wyvern zombie (D:11)
  5 earth elementals
  4 yaktaur skeletons
  Dowan (D:6)
  5 scorpions
  A scorpion (shapeshifter) (Vaults:3)
  15 killer bees
  16 wights
  An elephant simulacrum (IceCv)
  8 electric eels
  6 centaur zombies
  8 crimson imps
  3 starcursed masses (WizLab)
  3 bullfrog zombies
  A draconian simulacrum (IceCv)
  2 human simulacra
  3 quasits
  5 human zombies
  18 orc priests
  6 gnoll shamans (Bailey)
  7 hounds
  3 iron imps
  7 jellies
  26 orc wizards
  4 centaur skeletons
  3 iguanas
  3 bullfrog skeletons
  Terence (D:2)
  11 worker ants
  2 hell rats (Lair:3)
  2 spriggan simulacra (IceCv)
  3 troll simulacra (IceCv)
  2 polar bear simulacra (IceCv)
  A centaur simulacrum (IceCv)
  A big kobold zombie (Ossuary)
  A hound skeleton (D:6)
  4 mummies
  A worker ant zombie (D:7)
  A howler monkey skeleton (D:8)
  29 gnolls
  9 adders
  4 naga simulacra (IceCv)
  3 ogre simulacra (IceCv)
  8 river rats (Lair:3)
  6 shadow imps
  15 white imps
  8 ufetubi
  8 oozes
  5 adder zombies (Ossuary)
  2 adder skeletons
  6 dart slugs
  5 leopard geckos
  98 orcs
  4 giant cockroaches
  2 gnoll zombies (Ossuary)
  3 goblins
  15 hobgoblins
  7 jackals
  5 kobolds
  3 quokkas
  7 bats
  3 frilled lizards
  6 goblin zombies (Ossuary)
  5 hobgoblin zombies (Ossuary)
  A jackal skeleton (D:4)
  2 kobold zombies (Ossuary)
  2 leopard gecko skeletons (D:4)
  An orc zombie (Ossuary)
  2 quokka zombies (Ossuary)
  11 rats
  5 rat zombies (Ossuary)
  A briar patch (Swamp:3)
  4 crawling corpses
  7 plants
2663 creatures vanquished.

Vanquished Creatures (others)
  A golden dragon (Zot:2)
  A deep elf master archer (Elf:3)
  An eldritch tentacle (WizLab)
  A stone giant (Vaults:5)
  4 yaktaur captains
  A rakshasa (Depths:4)
  A large abomination (Vaults:1)
  2 naga sharpshooters (Snake:4)
  A deep elf knight (Elf:2)
  A sixfirhy (Depths:1)
  A lindwurm (Swamp:4)
  An orc knight (Vaults:1)
  A necromancer (Depths:4)
  3 deep elf archers
  A cyclops (Vaults:2)
  A moth of wrath (Zot:1)
  A naga mage (Snake:4)
  11 yaktaurs
  A steam dragon (Swamp:4)
  2 insubstantial wisps (Elf:3)
  5 swamp drakes (Swamp:4)
  3 orc warriors
  A white imp (IceCv)
  An ufetubus (IceCv)
  An orc (Vaults:1)
  2 briar patches (Swamp:3)
  9 fungi
  24 plants
  2 starspawn tentacles (WizLab)
85 creatures vanquished.

Grand Total: 2748 creatures vanquished

Notes
Turn   | Place    | Note
-------+----------+-------------------------------------------
     0 | D:1      | Trolling the Troll Fighter began the quest for the Orb.
     0 | D:1      | Reached XP level 1. HP: 22/22 MP: 0/0
    36 | D:1      | Reached XP level 2. HP: 27/29 MP: 1/1
   290 | D:1      | Reached XP level 3. HP: 36/36 MP: 2/2
  1013 | D:2      | Noticed Terence
  1024 | D:2      | Killed Terence
  1024 | D:2      | Reached skill level 3 in Fighting
  1024 | D:2      | Reached XP level 4. HP: 42/45 MP: 3/3
  1655 | D:3      | Reached XP level 5. HP: 47/53 MP: 4/4
  2240 | D:4      | Found a sparkling altar of Nemelex Xobeh.
  2340 | D:4      | Got an ebony spear
  2341 | D:4      | Identified the +6 spear of Doiluuda {elec, rPois Str+2
                  | Int+4} (You found it on level 4 of the Dungeon)
  2615 | D:4      | Noticed a phantom
  2628 | D:4      | Reached XP level 6. HP: 42/61 MP: 5/5
  2648 | D:4      | Reached skill level 1 in Polearms
  2807 | D:5      | Entered Level 5 of the Dungeon
  3125 | D:5      | Found a sand-covered staircase.
  3128 | D:5      | Reached XP level 7. HP: 68/68 MP: 6/6
  3132 | Ossuary  | Entered an ossuary
  3204 | Ossuary  | Reached skill level 4 in Fighting
  3625 | D:5      | Reached XP level 8. HP: 45/79 MP: 7/7
  4258 | D:6      | Found a staircase to the Ecumenical Temple.
  4284 | Temple   | Entered the Ecumenical Temple
  4398 | Temple   | Became a worshipper of Warmaster Okawaru
  4563 | D:6      | Reached skill level 5 in Fighting
  4563 | D:6      | Reached skill level 5 in Shields
  4832 | D:6      | Reached skill level 5 in Polearms
  4871 | D:6      | Found Mesymm's Antique Weapon Boutique.
  4879 | D:6      | Noticed Duvessa
  4879 | D:6      | Noticed Dowan
  4882 | D:6      | Killed Duvessa
  4885 | D:6      | Killed Dowan
  5080 | D:7      | Reached * piety under Okawaru
  5086 | D:7      | Found a radiant altar of Vehumet.
  5086 | D:7      | Found an ornate altar of the Wu Jian Council.
  5398 | D:7      | Reached XP level 9. HP: 88/88 MP: 8/8
  5424 | D:7      | Found a snail-covered altar of Cheibriados.
  5577 | D:7      | Found a shadowy altar of Dithmenos.
  5582 | D:7      | Reached skill level 1 in Invocations
  5716 | D:8      | You fall into a shaft and drop 2 floors!
  5716 | D:10     | Entered Level 10 of the Dungeon
  5815 | D:9      | Reached ** piety under Okawaru
  5914 | D:9      | Found a staircase to the Lair.
  5920 | D:8      | Noticed Psyche
  5925 | D:9      | Killed Psyche
  5925 | D:9      | Reached skill level 6 in Fighting
  5995 | D:8      | Found the +8 lance "Wyrmbane" {slay drac, rPois rF+ rC+
                  | AC+3}
  5996 | D:8      | Found a flagged portal.
  6011 | Bailey   | Entered a bailey
  6186 | Bailey   | Reached XP level 10. HP: 65/98 MP: 11/11
  6296 | Bailey   | Reached *** piety under Okawaru
  6659 | Bailey   | Found the +8 mithril axe "Arga" {speed, MR+}
  6767 | Bailey   | Got an ichor-stained shortbow
  6975 | D:8      | Found a blossoming altar of Fedhas.
  7004 | D:8      | Found a hazy altar of Hepliaklqana.
  7528 | D:9      | Found a basalt altar of Yredelemnul.
  7543 | D:9      | Reached **** piety under Okawaru
  7817 | D:9      | Reached skill level 7 in Fighting
  7949 | D:9      | Found a glowing silver altar of Zin.
  8290 | D:10     | Found a shimmering altar of Xom.
  8290 | D:10     | Noticed a two-headed ogre
  8297 | D:10     | Killed a two-headed ogre
  8297 | D:10     | Reached ***** piety under Okawaru
  8297 | D:10     | Reached XP level 11. HP: 108/109 MP: 13/13
  8365 | D:10     | Reached skill level 5 in Invocations
  9044 | D:11     | Noticed a cyan ugly thing
  9356 | D:11     | Noticed a two-headed ogre
  9371 | D:11     | Killed a two-headed ogre
  9433 | D:11     | Noticed a white ugly thing
  9452 | D:11     | Killed a white ugly thing
  9454 | D:11     | Received a gift from Okawaru
  9533 | D:11     | Killed a cyan ugly thing
  9533 | D:11     | Reached skill level 10 in Polearms
  9691 | D:11     | You fall into a shaft and drop 2 floors!
  9708 | D:13     | Reached skill level 8 in Fighting
 10104 | D:13     | Reached XP level 12. HP: 95/119 MP: 13/15
 10265 | D:12     | Received a gift from Okawaru
 10346 | D:12     | Noticed a two-headed ogre
 10354 | D:12     | Killed a two-headed ogre
 10678 | D:11     | Found a staircase to the Orcish Mines.
 11155 | D:12     | Noticed a two-headed ogre
 11166 | D:12     | Killed a two-headed ogre
 11235 | D:12     | Got a slimy brass ring
 11236 | D:12     | Identified the ring of the Republic {Ice Str+2} (You found
                  | it on level 12 of the Dungeon)
 11333 | D:12     | Noticed Erolcha
 11353 | D:12     | Killed Erolcha
 11849 | D:13     | Noticed a five-headed hydra
 11856 | D:13     | Killed a five-headed hydra
 11856 | D:13     | Reached skill level 9 in Fighting
 11864 | D:13     | Found a gate to the Vaults.
 11864 | D:13     | Noticed a vault guard
 11864 | D:13     | Noticed a vault guard
 11864 | D:13     | Noticed a centaur warrior
 11864 | D:13     | Noticed a vault guard
 11864 | D:13     | Noticed a vault guard
 11886 | D:13     | Killed a vault guard
 11895 | D:13     | Killed a vault guard
 11921 | D:13     | Killed a vault guard
 11921 | D:13     | Reached XP level 13. HP: 74/131 MP: 13/17
 12157 | D:13     | Noticed Jorgrun
 12177 | D:13     | Killed Jorgrun
 12177 | D:13     | Received a gift from Okawaru
 12324 | D:13     | Reached skill level 1 in Throwing
 12761 | D:14     | Identified a scroll of acquirement
 12824 | D:14     | Found Ruhestae's Magic Scroll Boutique.
 12939 | D:14     | Received a gift from Okawaru
 12963 | D:14     | Found a gate leading to a gauntlet.
 12990 | Gauntlet | Entered a Gauntlet
 12990 | Gauntlet | Found a transporter.
 12990 | Gauntlet | Found a transporter.
 13001 | Gauntlet | Found a transporter.
 13001 | Gauntlet | Found a transporter.
 13010 | Gauntlet | Found a transporter.
 13029 | Gauntlet | Found a transporter.
 13037 | Gauntlet | Found a transporter.
 13039 | Gauntlet | Found a transporter.
 13039 | Gauntlet | Found a transporter.
 13043 | Gauntlet | Found a transporter.
 13080 | Gauntlet | Found a transporter.
 13125 | Gauntlet | Found a transporter.
 13138 | Gauntlet | Found a transporter.
 13162 | Gauntlet | Found a transporter.
 13254 | Gauntlet | Found a transporter.
 13275 | Gauntlet | Found a transporter.
 13528 | Gauntlet | Reached skill level 10 in Shields
 13599 | Gauntlet | Identified the ring "Vuciafe" {*Contam +Fly Int+4 Stlth-}
 13599 | Gauntlet | Noticed a minotaur
 13627 | Gauntlet | Killed a minotaur
 14947 | D:15     | Entered Level 15 of the Dungeon
 14949 | D:15     | Noticed Louise
 15168 | D:15     | Reached XP level 14. HP: 136/141 MP: 19/19
 15204 | D:15     | Reached skill level 10 in Fighting
 15262 | D:15     | Found the +8 Wrath of Trog {antimagic, *Rage}
 15667 | Lair:1   | Entered Level 1 of the Lair of Beasts
 15667 | Lair:1   | Found the +8 trident of the Octopus King {venom, rElec
                  | rPois MR+}
 15692 | Lair:1   | Identified the +5 acid dragon scales of Geefaw {rCorr
                  | Dex+3} (You acquired it on level 1 of the Lair of Beasts)
 15692 | Lair:1   | Identified the ring of Beogh's Castigation {rElec Int+2
                  | SInv} (You acquired it on level 1 of the Lair of Beasts)
 15832 | Lair:1   | Found a sacrificial altar of Ru.
 15920 | Lair:1   | Noticed Grum
 15928 | Lair:1   | Killed Grum
 16709 | Lair:2   | Received a gift from Okawaru
 17508 | Lair:3   | Received a gift from Okawaru
 17517 | Lair:3   | Got steaming acid dragon scales {god gift}
 17545 | Lair:3   | Identified the +9 acid dragon scales of Privacy {*Corrode
                  | Regen+ rCorr Int+4} (Okawaru gifted it to you on level 3 of
                  | the Lair of Beasts)
 17557 | Lair:3   | Found a staircase to the Snake Pit.
 17590 | Lair:3   | Reached skill level 1 in Evocations
 18247 | Lair:4   | Found a staircase to the Swamp.
 18650 | Lair:4   | Reached skill level 5 in Throwing
 19034 | Lair:4   | Found the +4 robe of Augmentation {Str+4 Int+4 Dex+4}
 19425 | Lair:5   | Noticed Nessos
 19448 | Lair:5   | Killed Nessos
 20046 | Lair:6   | Entered Level 6 of the Lair of Beasts
 20222 | Lair:6   | Reached XP level 15. HP: 152/152 MP: 21/21
 20688 | Lair:6   | Found a staircase to the Slime Pits.
 21227 | Lair:6   | Reached skill level 10 in Invocations
 21231 | Lair:6   | Received a gift from Okawaru
 21236 | Lair:6   | Got a brightly glowing hat {god gift}
 21247 | Lair:6   | Identified the +1 hat of Trial and Error {rC+ MP+9 Int-4}
                  | (Okawaru gifted it to you on level 6 of the Lair of Beasts)
 21549 | Orc:1    | Entered Level 1 of the Orcish Mines
 21623 | Orc:1    | Noticed an orc warlord
 21672 | Orc:1    | Killed an orc warlord
 21947 | Orc:2    | Entered Level 2 of the Orcish Mines
 21988 | Orc:2    | Noticed Rupert
 22005 | Orc:2    | Found a staircase to the Elven Halls.
 22407 | Orc:2    | Paralysed by Rupert for 6 turns
 22427 | Orc:2    | Killed Rupert
 22651 | Orc:2    | Found Zegadi's Assorted Antiques.
 22651 | Orc:2    | Found Xen Xaabix's Weapon Emporium.
 22653 | Orc:2    | Found Zedym's Weapon Shoppe.
 22655 | Orc:2    | Found Kenicir's Book Boutique.
 22659 | Orc:2    | Bought a scroll of fog for 62 gold pieces
 22659 | Orc:2    | Bought a bubbling puce potion for 27 gold pieces
 22659 | Orc:2    | Bought a scroll of teleportation for 93 gold pieces
 22659 | Orc:2    | Bought an onyx ring for 155 gold pieces
 22676 | Orc:2    | Bought a +0 fustibalus for 210 gold pieces
 23520 | Swamp:1  | Entered Level 1 of the Swamp
 23597 | Swamp:1  | Found a frozen archway.
 23608 | IceCv    | Entered an ice cave
 23739 | IceCv    | Gained mutation: You are frail. (-10% HP) [mutagenic glow]
 24275 | IceCv    | Reached skill level 11 in Fighting
 24472 | Swamp:1  | Received a gift from Okawaru
 25041 | Swamp:2  | Received a gift from Okawaru
 25051 | Swamp:2  | Reached XP level 16. HP: 145/145 MP: 22/22
 25238 | Swamp:2  | Received a gift from Okawaru
 25407 | Swamp:2  | Received a gift from Okawaru
 25437 | Swamp:2  | Got an encrusted glaive {god gift}
 25439 | Swamp:2  | Identified the +2 glaive of the Shining Light {vorpal,
                  | +Rage} (Okawaru gifted it to you on level 2 of the Swamp)
 25768 | Swamp:3  | Noticed a thorn hunter
 25795 | Swamp:3  | Killed a thorn hunter
 26588 | Swamp:4  | Entered Level 4 of the Swamp
 26675 | Swamp:4  | Received a gift from Okawaru
 26895 | Swamp:4  | Reached skill level 5 in Evocations
 27484 | Swamp:4  | Got a decaying rune of Zot
 27823 | Snake:1  | Entered Level 1 of the Snake Pit
 27823 | Snake:1  | Found Tuiwosk's Assorted Antiques.
 27965 | Snake:1  | Found Rautukk's Distillery.
 28385 | Snake:1  | Identified the ring of Wiraab {Str+3 SInv}
 28632 | Snake:1  | Found Ykhoejebb's Assorted Antiques.
 28639 | Snake:1  | Bought a scroll of blinking for 270 gold pieces
 28639 | Snake:1  | Bought a scroll of blinking for 270 gold pieces
 28643 | Snake:1  | Found Ephaabl Cyorph's Gadget Emporium.
 29078 | Snake:2  | Received a gift from Okawaru
 29208 | Snake:2  | Reached XP level 17. HP: 154/154 MP: 23/23
 29348 | Snake:2  | Received a gift from Okawaru
 29814 | Snake:2  | Found Lemougog's Gadget Shop.
 29815 | Snake:2  | Found Fywixim's Jewellery Emporium.
 29816 | Snake:2  | Found Ettesetyott's Gadget Shop.
 29920 | Snake:3  | Received a gift from Okawaru
 30110 | Snake:3  | Received a gift from Okawaru
 30145 | Snake:3  | Reached skill level 12 in Fighting
 30193 | Snake:3  | Identified the +6 trident "Caot" {vorpal, rC+ Str+2 Dex-3
                  | Stlth+} (Okawaru gifted it to you on level 3 of the Snake
                  | Pit)
 30616 | Snake:3  | Noticed Aizul
 30634 | Snake:3  | Killed Aizul
 30952 | Snake:4  | Entered Level 4 of the Snake Pit
 31002 | Snake:4  | Lost mutation: You are frail. (-10% HP) [potion of
                  | mutation]
 31002 | Snake:4  | Gained mutation: Your body sometimes deteriorates upon
                  | taking damage. [potion of mutation]
 31002 | Snake:4  | Gained mutation: You passively map a small area around you.
                  | [potion of mutation]
 31189 | Snake:4  | Noticed Nikola
 31213 | Snake:4  | Killed Nikola
 31341 | Snake:4  | Received a gift from Okawaru
 31435 | Snake:4  | Noticed Vashnia
 31467 | Snake:4  | Killed Vashnia
 31693 | Snake:4  | Reached XP level 18. HP: 148/183 MP: 24/24
 32011 | Snake:4  | Reached skill level 15 in Shields
 32074 | Snake:4  | Reached skill level 10 in Throwing
 32100 | Snake:4  | Received a gift from Okawaru
 32288 | Snake:4  | Received a gift from Okawaru
 32452 | Snake:4  | Received a gift from Okawaru
 32519 | Snake:4  | Got a serpentine rune of Zot
 32645 | Snake:4  | Found Ubrol's Food Boutique.
 32800 | Lair:2   | Lost mutation: You passively map a small area around you.
                  | [potion of mutation]
 32800 | Lair:2   | Lost mutation: Your body sometimes deteriorates upon taking
                  | damage. [potion of mutation]
 32800 | Lair:2   | Gained mutation: Scrolls take you a little longer to read.
                  | [potion of mutation]
 32800 | Lair:2   | Gained mutation: Your body sometimes deteriorates upon
                  | taking damage. [potion of mutation]
 32800 | Lair:2   | Gained mutation: You evolve. [potion of mutation]
 32953 | Vaults:1 | Entered Level 1 of the Vaults
 33094 | Vaults:1 | Received a gift from Okawaru
 33307 | Vaults:1 | Reached skill level 13 in Fighting
 34716 | Vaults:1 | Reached XP level 19. HP: 195/195 MP: 25/25
 34895 | Vaults:1 | Received a gift from Okawaru
 34949 | Vaults:1 | Reached ****** piety under Okawaru
 35156 | Vaults:1 | Received a gift from Okawaru
 35173 | Vaults:1 | Identified the +2 hat "Jaac" {Int+3} (Okawaru gifted it to
                  | you on level 1 of the Vaults)
 35590 | Vaults:2 | Reached skill level 1 in Armour
 35828 | Vaults:2 | Found a large runed translucent door.
 35828 | Vaults:2 | Found a large runed translucent door.
 35828 | Vaults:2 | Found a large runed translucent door.
 35828 | Vaults:2 | Found a large runed translucent door.
 35828 | Vaults:2 | Found a large runed translucent door.
 35828 | Vaults:2 | Found a large runed translucent door.
 35828 | Vaults:2 | Found a large runed translucent door.
 35828 | Vaults:2 | Found a large runed translucent door.
 35828 | Vaults:2 | Noticed Ykecuik's ghost (veteran DsBe)
 36334 | Vaults:2 | Reached skill level 14 in Fighting
 36475 | Vaults:2 | Found Gapt's Armour Emporium.
 36524 | Vaults:2 | Received a gift from Okawaru
 37029 | Vaults:3 | Noticed Mara
 37043 | Vaults:3 | Killed Mara
 37043 | Vaults:3 | Reached skill level 10 in Evocations
 37360 | Vaults:3 | Found a magical portal.
 37377 | WizLab   | Found a transporter.
 37380 | WizLab   | Found a corrupted altar of Lugonu.
 37407 | WizLab   | Found a transporter.
 37437 | WizLab   | Found a transporter.
 37454 | WizLab   | Reached XP level 20. HP: 206/206 MP: 26/26
 37465 | WizLab   | Found a corrupted altar of Lugonu.
 37490 | WizLab   | Found the +1 cloak of Starlight {rElec rC+ EV+4 Stlth--}
 37497 | WizLab   | Reached skill level 5 in Dodging
 37567 | WizLab   | Found a transporter.
 37594 | WizLab   | Found a transporter.
 37643 | WizLab   | Found a transporter.
 37643 | WizLab   | Found a transporter.
 37709 | WizLab   | Found a transporter.
 37803 | WizLab   | Found a transporter.
 37803 | WizLab   | Found a transporter.
 37834 | WizLab   | Received a gift from Okawaru
 37837 | WizLab   | Identified the Volume of Orientation
 37846 | WizLab   | Found a transporter.
 37846 | WizLab   | Found a transporter.
 37896 | WizLab   | Found a transporter.
 37896 | WizLab   | Found a transporter.
 37945 | WizLab   | Found a transporter.
 37990 | WizLab   | Found a transporter.
 38054 | WizLab   | Got an ancient cloak
 38065 | WizLab   | Identified the cursed +0 cloak of Usups {MR+ Int-5 Slay+6}
                  | (You found it in a wizard's laboratory)
 38071 | WizLab   | Identified the +1 cloak of the Leaf {rElec Regen+ MP-9
                  | Str+7} (You found it in a wizard's laboratory)
 38080 | WizLab   | Identified the cursed +0 cloak of Kikubaaqudgha's Whim
                  | {*Contam rN+ Str+3 SInv} (You found it in a wizard's
                  | laboratory)
 38102 | WizLab   | Found a transporter.
 38102 | WizLab   | Found a transporter.
 38123 | WizLab   | Identified Golubria's Almanac of Orientation
 38132 | WizLab   | Found a transporter.
 38195 | WizLab   | Found a transporter.
 38440 | Vaults:3 | Received a gift from Okawaru
 38774 | Vaults:3 | Reached skill level 5 in Armour
 38787 | Vaults:3 | Found a staircase to the Crypt.
 39181 | Vaults:3 | Received a gift from Okawaru
 39538 | Vaults:4 | Received a gift from Okawaru
 39579 | Vaults:4 | Received a gift from Okawaru
 40312 | Vaults:4 | Found Urchulise's Antique Weapon Emporium.
 40338 | Vaults:4 | Identified the +3 trident "Olawn" {venom, rN+++ Str+4 Dex+4
                  | Stlth-} (You acquired it on level 4 of the Vaults)
 40811 | Vaults:4 | Reached skill level 15 in Fighting
 40914 | Vaults:4 | Received a gift from Okawaru
 41130 | Vaults:4 | Reached XP level 21. HP: 218/218 MP: 27/27
 41722 | Elf:1    | Entered Level 1 of the Elven Halls
 41722 | Elf:1    | Found a radiant altar of Vehumet.
 42844 | Elf:2    | Found a runed translucent gate.
 42844 | Elf:2    | Found a runed translucent gate.
 42846 | Elf:2    | Found a runed translucent gate.
 43354 | Elf:2    | Received a gift from Okawaru
 43460 | Elf:2    | Received a gift from Okawaru
 43558 | Elf:3    | Entered Level 3 of the Elven Halls
 43912 | Elf:3    | Received a gift from Okawaru
 44617 | Elf:3    | Reached skill level 16 in Fighting
 44864 | Elf:3    | Identified the +5 glaive of the Sun {holy, rElec Str+4
                  | Int+5}
 44898 | Elf:3    | Reached XP level 22. HP: 231/231 MP: 26/28
 45185 | Elf:3    | Received a gift from Okawaru
 45220 | Elf:3    | Identified the Handbook of Illusion and Snow
 45223 | Elf:3    | Identified the Handbook of Air and Envenoming
 45312 | Elf:3    | Identified the ring of Vuek {MP+9 Str+4 Stlth+} (You found
                  | it on level 3 of the Elven Halls)
 45810 | D:15     | Identified the +8 hand axe "Peloeck" {freeze, *Drain rC+
                  | Str+4 SInv} (You acquired it on level 15 of the Dungeon)
 45810 | D:15     | Identified the ring of Ascent {MP+9 Int+6} (You acquired it
                  | on level 15 of the Dungeon)
 45936 | D:15     | Found a staircase to the Depths.
 46168 | D:15     | Killed Louise
 46168 | D:15     | Received a gift from Okawaru
 46447 | Depths:1 | Entered Level 1 of the Depths
 46564 | Depths:1 | Found a gateway to Hell.
 46575 | Depths:1 | Reached skill level 10 in Dodging
 47179 | Depths:1 | Found a burning altar of Makhleb.
 47255 | Depths:1 | Received a gift from Okawaru
 47265 | Depths:1 | Found a burning altar of Makhleb.
 47266 | Depths:1 | Found the cursed +14 obsidian axe {vorpal, +Fly SInv
                  | *Curse}
 47546 | Depths:1 | You fall into a shaft and drop 1 floor!
 47788 | Depths:1 | Reached skill level 15 in Throwing
 48573 | Depths:2 | Found Koteosel's Weapon Boutique.
 49120 | Depths:2 | Received a gift from Okawaru
 49120 | Depths:2 | Reached skill level 10 in Armour
 49398 | Depths:3 | Reached XP level 23. HP: 241/241 MP: 29/29
 49455 | Depths:3 | Received a gift from Okawaru
 49460 | Depths:3 | Identified the +0 pearl dragon scales of Qaygoi Webb {rF-
                  | rC+ rN+ Stlth+} (Okawaru gifted it to you on level 3 of the
                  | Depths)
 49696 | Depths:3 | Noticed Mennas
 49730 | Depths:3 | Killed Mennas
 49797 | Depths:3 | Found a one-way gate leading to the halls of Pandemonium.
 49865 | Depths:3 | Reached skill level 17 in Fighting
 50303 | Depths:4 | Found an iron altar of Okawaru.
 50463 | Depths:4 | Found a hide-covered altar of Uskayaw.
 50472 | Depths:4 | Gained mutation: You are clumsy. (Dex -2) [evolution]
 50616 | Depths:4 | Found a shattered altar of Ashenzari.
 50657 | Depths:4 | Received a gift from Okawaru
 50686 | Depths:4 | Got an ancient glass ring
 50689 | Depths:4 | Identified the ring "Megum" {Int+4 Stlth-} (You found it on
                  | level 4 of the Depths)
 50701 | Depths:4 | Found a one-way gate to the infinite horrors of the Abyss.
 50822 | Depths:4 | Got a warped copper ring
 50827 | Depths:4 | Identified the cursed ring of Besem {Int-3 Stlth+} (You
                  | found it on level 4 of the Depths)
 50857 | Depths:4 | Received a gift from Okawaru
 50959 | Depths:4 | Got a crude ivory ring
 50962 | Depths:4 | Identified the ring of Besatryw {+Blink rElec rN++ Int-5
                  | Stlth-} (You found it on level 4 of the Depths)
 51066 | Depths:5 | Entered Level 5 of the Depths
 51099 | Depths:5 | Noticed a juggernaut
 51112 | Depths:5 | Killed a juggernaut
 51181 | Depths:5 | Received a gift from Okawaru
 51245 | Depths:5 | Received a gift from Okawaru
 51711 | Depths:5 | Found a gateway to a ziggurat.
 51729 | Depths:5 | Reached XP level 24. HP: 248/253 MP: 29/29
 51886 | Depths:5 | Reached skill level 15 in Dodging
 52941 | Depths:5 | Found a gate to the Realm of Zot.
 53381 | Slime:1  | Entered Level 1 of the Pits of Slime
 53431 | Slime:1  | Received a gift from Okawaru
 53617 | Lair:6   | Lost mutation: Your body sometimes deteriorates upon taking
                  | damage. [potion of mutation]
 53617 | Lair:6   | Lost mutation: Scrolls take you a little longer to read.
                  | [potion of mutation]
 53617 | Lair:6   | Gained mutation: You are partially covered in slimy green
                  | scales. (AC +2) [potion of mutation]
 53617 | Lair:6   | Gained mutation: Scrolls take you a little longer to read.
                  | [potion of mutation]
 53617 | Lair:6   | Lost mutation: You are clumsy. (Dex -2) [potion of
                  | mutation]
 53617 | Lair:6   | Gained mutation: You expend magic power (3 MP) to
                  | strengthen your wands. [potion of mutation]
 54068 | Slime:1  | Received a gift from Okawaru
 54365 | Slime:2  | Reached skill level 18 in Fighting
 55747 | Slime:5  | Entered Level 5 of the Pits of Slime
 55943 | Slime:5  | Paralysed by a floating eye for 2 turns
 56044 | Slime:5  | Received a gift from Okawaru
 56099 | Slime:5  | Reached XP level 25. HP: 243/265 MP: 17/29
 56101 | Slime:5  | Noticed the Royal Jelly
 56277 | Slime:5  | Found a viscous altar of Jiyva.
 56401 | Slime:5  | Received a gift from Okawaru
 56597 | Slime:5  | Killed the Royal Jelly
 56784 | Slime:5  | Identified the Handbook of Self-Knowledge and the Voyage
 56803 | Slime:5  | Got a brightly glowing fustibalus
 56806 | Slime:5  | Identified the +11 fustibalus of Wioc {vorpal, Int+6 Dex+4
                  | Stlth+} (You found it on level 5 of the Pits of Slime)
 56845 | Slime:5  | Got a bound copper ring
 56848 | Slime:5  | Identified the ring "Eroeniw" {rC- rN++ MR+ SInv} (You
                  | found it on level 5 of the Pits of Slime)
 56864 | Slime:5  | Got a twitching glass ring
 56868 | Slime:5  | Identified the ring of Saupengiuju {rN+ Dex+2 Stlth-} (You
                  | found it on level 5 of the Pits of Slime)
 56887 | Slime:5  | Got a slimy rune of Zot
 57231 | Vaults:5 | Entered Level 5 of the Vaults
 57261 | Vaults:5 | Received a gift from Okawaru
 57330 | Vaults:5 | Received a gift from Okawaru
 57420 | Vaults:5 | Reached skill level 19 in Fighting
 57920 | Vaults:5 | Received a gift from Okawaru
 57988 | Vaults:5 | Identified the ring "Cuuj" {MR+ EV+3 Str+4}
 58133 | Vaults:5 | Noticed an ancient lich
 58156 | Vaults:5 | Killed an ancient lich
 58253 | Vaults:5 | Identified the +10 war axe "Syablad" {vorpal, Int+2}
 58371 | Vaults:5 | Found the +6 arbalest "Damnation" {damnation}
 58407 | Vaults:5 | Got a silver rune of Zot
 58441 | Vaults:5 | Reached XP level 26. HP: 264/280 MP: 30/30
 58801 | Vaults:5 | Identified the ring "Sedomp" {+Inv rN+++ MR+ AC+3} (You
                  | found it on level 5 of the Vaults)
 58809 | Vaults:5 | Identified A Thorough Guide to Spellcasting
 58814 | Vaults:5 | Identified the ring of Beauty {rPois rC+ MP+9} (You found
                  | it on level 5 of the Vaults)
 59015 | Vaults:5 | Identified the cursed +3 hand crossbow of the Wheel {elec,
                  | Dex+2}
 59127 | Vaults:5 | Found the +7 Kryia's mail coat {PotionHeal*2 rC+}
 59153 | Vaults:5 | Identified Ruibon's Volume of Ignition
 59329 | Vaults:5 | Identified the +3 cloak of Noon {rPois rN++ Int+2 Dex+3}
                  | (You found it on level 5 of the Vaults)
 59364 | Vaults:5 | Got a crude hat {god gift}
 59370 | Vaults:5 | Identified the +0 hat of the Nexus {rElec MR++ Int+4
                  | Stlth+} (Okawaru gifted it to you on level 5 of the Vaults)
 59734 | Zot:1    | Entered Level 1 of the Realm of Zot
 59745 | Zot:1    | Received a gift from Okawaru
 59774 | Zot:1    | Reached skill level 20 in Fighting
 59798 | Zot:1    | HP: 4/283 [something (19)]
 59809 | Zot:1    | Received a gift from Okawaru
 60046 | Depths:5 | Lost mutation: You are partially covered in slimy green
                  | scales. (AC +2) [potion of mutation]
 60046 | Depths:5 | Lost mutation: Scrolls take you a little longer to read.
                  | [potion of mutation]
 60046 | Depths:5 | Lost mutation: You evolve. [potion of mutation]
 60046 | Depths:5 | Lost mutation: You expend magic power (3 MP) to strengthen
                  | your wands. [potion of mutation]
 60046 | Depths:5 | Gained mutation: You expend magic power (3 MP) to
                  | strengthen your wands. [potion of mutation]
 60046 | Depths:5 | Gained mutation: You can translocate small distances at
                  | will. [potion of mutation]
 60046 | Depths:5 | Gained mutation: Your flesh is cold resistant. (rC+)
                  | [potion of mutation]
 61275 | Zot:2    | Received a gift from Okawaru
 61463 | Zot:3    | Reached XP level 27. HP: 290/293 MP: 31/31
 61952 | Zot:4    | Reached skill level 21 in Fighting
 62258 | Zot:4    | Received a gift from Okawaru
 62592 | Zot:5    | Entered Level 5 of the Realm of Zot
 63002 | Zot:5    | Received a gift from Okawaru
 63215 | Zot:5    | Reached skill level 15 in Armour
 63290 | Zot:5    | Noticed an orb of fire
 63293 | Zot:5    | Noticed an orb of fire
 63294 | Zot:5    | Noticed an orb of fire
 63294 | Zot:5    | Gained mutation: Your spells are a little easier to cast,
                  | but a little less powerful. [an orb of fire]
 63296 | Zot:5    | Noticed an ancient lich
 63297 | Zot:5    | Gained mutation: Your body sometimes deteriorates upon
                  | taking damage. [an orb of fire]
 63297 | Zot:5    | Noticed an ancient lich
 63297 | Zot:5    | Noticed an orb of fire
 63298 | Zot:5    | Noticed an ancient lich
 63299 | Zot:5    | Noticed an orb of fire
 63299 | Zot:5    | Noticed an orb of fire
 63299 | Zot:5    | Killed from afar by an orb of fire

Levels and vault maps discovered:
D:1:      dpeg_arrival_houses_and_road, layout_basic
D:2:      layout_basic, first_ration, serial_forest,
          infiniplex_forest_clump_curved, infiniplex_forest_straight_2,
          infiniplex_forest_clump_double, infiniplex_forest_fountain,
          infiniplex_forest_lined_2, infiniplex_forest_lined_corner,
          uniq_terence
D:3:      layout_basic
D:4:      layout_gridville, nemelex_xobeh_ov_fountains_minmay,
          dk_noncrumbling_3, minivault_24
D:5:      layout_cave_pods, gup_ossuary_entry_pyramid
D:6:      lemuel_ice_spiral_2, layout_basic, minmay_temple_entry_gardened_gates,
          serial_shops, shop_statue, minmay_fractal_squares_5, uniq_duvessa
D:7:      layout_gridville, grunt_dithmenos_shadows, vehumet_altar_wand_db,
          cheibriados_altar_1, basic_altar, minivault_27
D:8:      layout_basic, lemuel_doored_altar, nicolae_overflow_crystal_walls,
          enter_bailey_2, uniq_psyche
D:9:      layout_irregular_city, yredelemnul_altar_generic, old_standard_altar,
          dpeg_oklobed_lair, hangedman_little_slice_of_home
D:10:     layout_gridville, basic_altar, minmay_quadrilaterals
D:11:     layout_cave_pools, david_orc_4, bh_walls_and_bars
D:12:     layout_roguey, uniq_erolcha
D:13:     layout_loops_corners, lightli_vaults_fourway_checkpoint, uniq_jorgrun
D:14:     layout_grid_maze, gauntlet_entry_generic, minmay_misc_feat_nine_boxes,
          serial_shops, nicolae_shop_statue_plus, chequers_serial_rivers_micro_a
D:15:     gammafunk_enter_depths_forms, layout_basic, corexii_hall_statues_x,
          minmay_guarded_unrand_wrath_of_trog, uniq_louise
Temple:   dpeg_chambers_temple
Lair:1:   layout_regular_city, lemuel_oklob_altar, uniq_grum
Lair:2:   layout_chaotic_city, chequers_serial_rivers_small_a,
          minmay_lair_oklob_chamber, grunt_megastairs_3
Lair:3:   layout_misc_corridors, minmay_snake_entry_guardpost_small,
          kennysheep_rathole, serial_bayou_shore_a
Lair:4:   minmay_lair_oklob_tunnel, layout_misc_corridors,
          minmay_swamp_entry_eels, nzn_random_ring, lemuel_fruit_tree
Lair:5:   layout_long_grid, nicolae_quartered_pool_super, beast_lair_carwin_9,
          uniq_nessos
Lair:6:   grunt_lair_end_beastmaster, layout_regular_city, slime_dummy,
          minivault_24, nicolae_lair_grove_arrangements, st_stairs_4,
          minmay_lair_drake_nest
Swamp:1:  layout_basic_swamp, portal_ice_cave_entry_pillars_2,
          infiniplex_staircase_pool
Swamp:2:  layout_basic_swamp, evilmike_swamp_ruin_house_5
Swamp:3:  layout_falls_marsh, nicolae_swamp_round_clearing
Swamp:4:  swamp_fiery, layout_basic_swamp, swamp_pool1,
          nicolae_swamp_very_dense_foliage, infiniplex_staircase_pool_2
Snake:1:  layout_chambers, serial_shops, shop, shop, shop, shop, st_stairs_13,
          grunt_megastairs_2, serial_bayou_shore_b
Snake:2:  layout_concentric_octagons, minmay_snake_pond, minmay_shop_grove
Snake:3:  layout_basic, grunt_ministairs_9, uniq_aizul
Snake:4:  johnstein_snake_rune_scales, layout_misc_corridors, serial_shops,
          shop, uniq_nikola
Slime:1:  layout_caves, cheibrodos_slime_lost_civilization_4
Slime:2:  layout_caves
Slime:3:  layout_caves
Slime:4:  layout_caves
Slime:5
Orc:1:    cheibrodos_orc_bank, layout_diamond_mine
Orc:2:    st_orc_rangers, layout_caves, uniq_rupert
Elf:1:    layout_loops_cross, basic_altar, minmay_elf_crystal_heptagon
Elf:2:    layout_geoelf_diagonals
Elf:3:    minmay_elf_hall_dome, layout_gridlike, serial_aquarium,
          aquarium_bridge_square [aquarium_subvault_balcony,
          aquarium_subvault_wall, aquarium_subvault_wall,
          aquarium_subvault_bridge], aquarium_bridge_long_separate
          [aquarium_subvault_window, aquarium_subvault_bridge,
          aquarium_subvault_bridge, aquarium_subvault_window,
          aquarium_subvault_bridge, aquarium_subvault_wall], aquarium_window_3,
          aquarium_window_fake, aquarium_view_2a
Vaults:1: vaults_room_pool, v_rooms_4, vaults_dpeg_ring, grunt_vaults_twisty,
          dpeg_vaults_monster_row, nicolae_vaults_network_star,
          hangedman_vaults_capsules, vaults_room_pools, layout_vaults_omnigrid
Vaults:2: advil_vaults_ghost_lines, hangedman_vaults_nails,
          ontoclasm_vaults_ring_square, hangedman_vaults_hat,
          ontoclasm_vaults_fault, hangedman_vaults_maws, ontoclasm_vaults_pinch,
          vaults_room_fours, v_alt_pattern_1, grunt_vaults_swirl, v_misc_24,
          v_misc_22, layout_vaults_maze_snakey, serial_shops,
          nicolae_shop_temple_entry_statues_fountains
Vaults:3: vaults_room_stairs_pillars, grunt_vaults_trifunnel, v_pattern_3,
          minmay_crypt_entry_simple_statues, vaults_mumra_chevron_long,
          vaults_mumra_chevron, v_alt_pattern_5,
          nicolae_vaults_little_squares_3, nicolae_vaults_angled_halls,
          layout_vaults_chaotic_city, mu_enter_wizlab_1, uniq_mara
Vaults:4: vaults_dpeg_spiral, vaults_standard_mumra_enter_the_diamond,
          vaults_standard_mumra_x, nicolae_vaults_little_squares_4,
          hangedman_vaults_snaps, hangedman_vaults_slice, vaults_room_door_hall,
          vaults_room_large_hall, hangedman_vaults_corner_blocks,
          vaults_room_door_hall, vaults_room_stairs_pillars,
          layout_vaults_big_cross, serial_shops, shop_fountains
Vaults:5: serial_shops
Depths:1: layout_basic, nicolae_two_hexagons, lightli_too_deep,
          grunt_guarded_unrand_obsidian_axe
Depths:2: kennysheep_scales, layout_basic, hell_entry, nrook_campfire,
          serial_shops, shop_statue, infiniplex_staircase_zigzag_3
Depths:3: minmay_connected_triangles_in_corner, layout_cave_shapes,
          grunt_pan_entry_spiral, hell_entry, kennysheep_cross_room,
          minmay_staircase_bubble, uniq_mennas
Depths:4: hangedman_spin_cycle, abyss_entry, hell_entry, pan_entry
Depths:5: lemuel_castle_with_subvaults [lemuel_castle_interior_carwin_2],
          layout_long_grid, enter_ziggurat_a, grunt_pan_entry_in_and_out,
          hell_entry
Zot:1:    layout_onion_interference, grunt_megastairs_1
Zot:2:    layout_twisted_circle
Zot:3:    layout_basic
Zot:4:    layout_gridlike, skrybe_zot_glass_3
Zot:5:    layout_basic

Skill      XL: |  1  2  3  4  5  6  7  8  9 10 11 12 13 14 15 16 17 18 19 20 21 22 23 24 25 26 27 |
---------------+----------------------------------------------------------------------------------+-----
Unarmed Combat | 3 4 |  4.6
Fighting       | 3 4 5 6 7 8 9 10 11 12 13 14 15 16 17 18 19 20 21 | 21.4
Shields        | 3 4 5 6 7 8 9 10 11 12 13 14 15 | 15.0
Polearms       | 2 4 5 7 9 10 11 12 13 14 | 14.0
Invocations    | 3 4 6 7 9 10 | 10.0
Throwing       | 3 5 6 8 9 11 12 13 14 15 16 17 18 19 | 19.0
Evocations     | 2 4 5 7 9 10 11 12 13 | 13.3
Armour         | 4 6 8 10 11 12 13 14 15 | 15.0
Dodging        | 4 7 9 12 14 15 | 15.4

Action                   |  1- 3 |  4- 6 |  7- 9 | 10-12 | 13-15 | 16-18 | 19-21 | 22-24 | 25-27 || total
-------------------------+-------+-------+-------+-------+-------+-------+-------+-------+-------++-------
Melee: Unarmed           |    98 |    76 |       |       |       |       |       |       |       ||   174
       Spear             |       |    53 |   381 |       |       |       |       |       |       ||   434
       Lance             |       |       |    45 |  1023 |  2585 |  2513 |  2112 |  2385 |  1557 || 12220
       Punch             |       |       |       |       |       |     3 |       |       |       ||     3
       Trident           |       |       |       |       |       |       |   198 |    50 |       ||   248
Throw: Large rock        |       |       |       |       |       |     8 |     5 |    10 |     6 ||    29
Invok: Heroism           |       |       |     1 |    14 |    33 |    20 |    23 |    13 |    13 ||   117
       Finesse           |       |       |       |     3 |    15 |    11 |     8 |     5 |    11 ||    53
 Abil: Evoke Berserk Rag |       |       |       |       |     2 |     1 |     1 |       |     2 ||     6
       Evoke Flight      |       |       |       |       |     1 |       |       |       |       ||     1
Evoke: Wand              |       |       |       |       |     3 |       |       |       |       ||     3
       Phantom mirror    |       |       |       |       |       |       |       |       |     1 ||     1
  Use: Scroll            |       |    11 |     1 |    12 |    21 |     7 |    10 |    11 |    17 ||    90
       Potion            |       |       |       |       |     3 |     2 |     1 |     3 |    14 ||    23
 Stab: Distracted        |       |       |       |     1 |       |       |     1 |     3 |     1 ||     6
       Sleeping          |       |       |       |     1 |       |       |       |       |       ||     1
       Petrified         |       |       |       |       |    19 |       |       |       |       ||    19
       Confused          |       |       |       |       |       |     1 |       |     1 |       ||     2
       Paralysed         |       |       |       |       |       |       |       |     2 |       ||     2
       Invisible         |       |       |       |       |       |       |       |     3 |    12 ||    15
  Eat: Chunk             |    15 |    13 |    31 |    66 |   108 |    78 |    87 |    71 |    54 ||   523
       Ration            |       |       |     1 |       |       |     5 |       |     7 |     3 ||    16
Armor: Robe              |    35 |    30 |    76 |    25 |    55 |       |       |       |       ||   221
       Troll leather arm |       |       |       |   136 |       |       |       |       |       ||   136
       Acid dragon scale |       |       |       |       |   338 |   407 |   347 |   322 |   234 ||  1648
       Gold dragon scale |       |       |       |       |       |       |       |       |   147 ||   147
Dodge: Dodged            |    27 |    40 |   106 |   139 |   233 |   272 |   301 |   378 |   389 ||  1885
Block: Kite shield       |    44 |    62 |   174 |   313 |    23 |       |       |       |       ||   616
       Tower shield      |       |       |       |       |  1125 |  1263 |  1143 |  1155 |   848 ||  5534
       Reflection        |       |       |       |       |       |   135 |   106 |    74 |    30 ||   345

Table legend:
 A = Non-vault XP
 B = Vault XP
 C = Vault XP percentage of total XP
 D = Non-vault monster count
 E = Vault monster count
 F = Vault count percentage of total count
                 A         B        C        D         E       F
            +---------+---------+-------+---------+---------+-------
      Total |  966851 |  663729 |  40.7 |    1703 |     970 |  36.3
            +---------+---------+-------+---------+---------+-------
        D:1 |      50 |       0 |   0.0 |      23 |       0 |   0.0
        D:2 |      39 |      36 |  48.0 |      12 |       1 |   7.7
        D:3 |     151 |       0 |   0.0 |      26 |       0 |   0.0
        D:4 |     262 |       0 |   0.0 |      14 |       0 |   0.0
        D:5 |     507 |      18 |   3.4 |      13 |       1 |   7.1
        D:6 |     512 |     226 |  30.6 |      14 |       3 |  17.6
        D:7 |    1056 |     127 |  10.7 |      20 |       2 |   9.1
        D:8 |    1731 |       0 |   0.0 |      25 |       0 |   0.0
        D:9 |    3324 |     583 |  14.9 |      22 |       9 |  29.0
       D:10 |    2655 |     580 |  17.9 |      18 |       2 |  10.0
       D:11 |    6207 |     801 |  11.4 |      43 |      17 |  28.3
       D:12 |    9470 |     975 |   9.3 |      51 |       1 |   1.9
       D:13 |    8785 |    8377 |  48.8 |      40 |      13 |  24.5
       D:14 |    9282 |       0 |   0.0 |      33 |       0 |   0.0
       D:15 |   11265 |    9654 |  46.1 |      27 |      15 |  35.7
     Lair:1 |    2180 |    1238 |  36.2 |       7 |       6 |  46.2
     Lair:2 |    1712 |     809 |  32.1 |      10 |       3 |  23.1
     Lair:3 |    5793 |     831 |  12.5 |      27 |      15 |  35.7
     Lair:4 |    4962 |    4945 |  49.9 |      18 |      23 |  56.1
     Lair:5 |    8322 |    2662 |  24.2 |      17 |       6 |  26.1
     Lair:6 |    8649 |   12273 |  58.7 |      32 |      24 |  42.9
    Swamp:1 |    8134 |       0 |   0.0 |      27 |       0 |   0.0
    Swamp:2 |   12283 |       0 |   0.0 |      34 |       0 |   0.0
    Swamp:3 |   11974 |       0 |   0.0 |      39 |       0 |   0.0
    Swamp:4 |   10408 |   12187 |  53.9 |      39 |      24 |  38.1
    Snake:1 |    9728 |    2824 |  22.5 |      23 |       4 |  14.8
    Snake:2 |   16870 |     769 |   4.4 |      33 |       7 |  17.5
    Snake:3 |   19752 |    2574 |  11.5 |      35 |       3 |   7.9
    Snake:4 |   20303 |   53851 |  72.6 |      33 |      68 |  67.3
    Slime:1 |   21079 |       0 |   0.0 |      36 |       0 |   0.0
    Slime:2 |   17799 |       0 |   0.0 |      26 |       0 |   0.0
    Slime:3 |   14424 |       0 |   0.0 |      26 |       0 |   0.0
    Slime:4 |   16135 |    2362 |  12.8 |      31 |       1 |   3.1
    Slime:5 |   20172 |   29037 |  59.0 |      24 |      12 |  33.3
      Orc:1 |    5025 |     914 |  15.4 |      50 |      18 |  26.5
      Orc:2 |    2640 |    6712 |  71.8 |      12 |      38 |  76.0
      Elf:1 |    8919 |    2824 |  24.0 |      12 |       5 |  29.4
      Elf:2 |   27340 |   24423 |  47.2 |      44 |      29 |  39.7
      Elf:3 |   22617 |   41797 |  64.9 |      37 |      29 |  43.9
   Vaults:1 |   46297 |   19257 |  29.4 |      82 |      35 |  29.9
   Vaults:2 |   39491 |   14736 |  27.2 |      65 |      22 |  25.3
   Vaults:3 |   18578 |   26851 |  59.1 |      29 |      27 |  48.2
   Vaults:4 |   58736 |   27336 |  31.8 |      77 |      41 |  34.7
   Vaults:5 |   50722 |  143471 |  73.9 |      67 |      95 |  58.6
   Depths:1 |   25131 |   15232 |  37.7 |      37 |      25 |  40.3
   Depths:2 |   46488 |    5410 |  10.4 |      66 |       6 |   8.3
   Depths:3 |   29326 |   13127 |  30.9 |      37 |      15 |  28.8
   Depths:4 |       0 |   75444 | 100.0 |       0 |      84 | 100.0
   Depths:5 |   53695 |   46619 |  46.5 |      51 |      57 |  52.8
      Zot:1 |   42343 |    7107 |  14.4 |      30 |       4 |  11.8
      Zot:2 |   56072 |       0 |   0.0 |      29 |       0 |   0.0
      Zot:3 |   28777 |       0 |   0.0 |      14 |       0 |   0.0
      Zot:4 |   73548 |       0 |   0.0 |      45 |       0 |   0.0
      Zot:5 |   42541 |   10980 |  20.5 |      18 |       4 |  18.2
    Ossuary |       0 |     617 | 100.0 |       0 |      39 | 100.0
     Bailey |       0 |    1212 | 100.0 |       0 |      30 | 100.0
      IceCv |       0 |    8619 | 100.0 |       0 |      58 | 100.0
     WizLab |    2590 |   18803 |  87.9 |       3 |      37 |  92.5
   Gauntlet |       0 |    4499 | 100.0 |       0 |      12 | 100.0
            +---------+---------+-------+---------+---------+-------
